AoeStats
← Runxi24

Black Forest

508509293Analyzed
3v3 RM · 9d ago on Sep 22, 2026· 47m 4s· 6 players
Game mode
Random Map
Map size
Normal (6 player)
Population
200
Speed
Normal
Resources
Standard
Victory
Conquest
Starting age
Dark Age
Ending age
Imperial Age
RankedLock teamsTeams togetherTeam positionsShared explorationLock speedFull tech treeHidden civsTurbo modeCheats
Victory
Defeat
🇨🇳 Mongols · China
1212
+15
🇪🇸 Bohemians · Spain
1209
+15
🇮🇹 Vietnamese · Italy
1180
+15
🇨🇴 Khmer · Colombia
1189
-15
🇨🇴 Britons · Colombia
1182
-15
🇨🇴 Persians · Colombia
1177
-15
SNOWMAN
5:39 Loom
12:50 Feudal Age
13:35 Double-Bit Axe
16:27 Castle Age
14:46 Horse Collar
17:37 Bow Saw
23:49 Town Watch
23:55 Elite Skirmisher
24:31 Fletching
25:08 Padded Archer Armor
25:54 Bodkin Arrow
26:45 Leather Archer Armor
29:30 Thumb Ring
33:39 Imperial Age
31:48 Wheelbarrow
31:13 Town Patrol
31:29 Masonry
31:31 Fortified Wall
32:43 Scale Barding Armor
32:48 Forging
34:59 Husbandry
35:12 Gold Mining
35:58 Bloodlines
36:17 Paper Money
36:32 Chain Barding Armor
36:48 Iron Casting
36:35 Caravan
36:33 Light Cavalry
38:12 Plate Barding Armor
39:23 Ballistics
39:00 Murder Holes
39:12 Elite Battle Elephant
41:27 Chemistry
40:49 Bracer
42:15 Ring Archer Armor
43:10 Guard Tower
46:17 Crossbowman
46:45 Arbalester
Runxi24
13:12 Feudal Age
18:06 Castle Age
16:39 Double-Bit Axe
20:10 Fishing Lines
20:31 Horse Collar
21:15 Bow Saw
23:01 Fletching
23:24 Medium Warships
26:22 Medium Warships
26:38 Loom
30:59 Wheelbarrow
30:10 Town Watch
31:40 Scale Mail Armor
32:01 Heavy Plow
34:10 Hand Cart
33:48 Pikeman
34:30 Padded Archer Armor
34:48 Chain Mail Armor
34:45 Forging
37:37 Imperial Age
36:52 Chemistry
36:04 Fortified Wall
36:42 Squires
37:20 Iron Casting
37:40 Halberdier
39:01 Plate Mail Armor
39:50 Wagenburg Tactics
40:06 Conscription
41:00 Arson
40:44 Houfnice
43:53 Siege Engineers
44:49 Blast Furnace
43:45 Bodkin Arrow
pickmyself or end
0:29 Loom
11:21 Feudal Age
12:34 Horse Collar
12:40 Double-Bit Axe
15:12 Castle Age
16:08 Bow Saw
16:21 Heavy Plow
17:45 Wheelbarrow
18:32 Town Watch
23:40 Gold Mining
23:41 Stone Mining
26:19 Hand Cart
26:46 Gold Shaft Mining
29:14 Imperial Age
28:00 Stone Shaft Mining
27:20 Fletching
27:30 Padded Archer Armor
29:36 Ballistics
29:12 Bodkin Arrow
29:18 Padded Archer Armor
29:58 Thumb Ring
30:05 Bloodlines
29:55 Husbandry
29:17 Onager
29:55 Light Cavalry
30:59 Conscription
30:22 Elite Mangudai
32:48 Chemistry
32:15 Parthian Tactics
31:23 Capped Ram
31:35 Hussar
32:38 Forging
32:32 Bracer
32:56 Leather Archer Armor
32:54 Forging
32:49 Scale Barding Armor
33:17 Scale Barding Armor
34:02 Masonry
33:59 Siege Engineers
33:30 Siege Ram
35:04 Iron Casting
35:05 Chain Barding Armor
36:43 Drill
37:48 Blast Furnace
38:51 Fervor
40:33 Coinage
41:17 Banking
43:20 Hoardings
42:59 Fortified Wall
42:45 Murder Holes
46:31 Caravan
CarloMagno
0:34 Loom
0:41 Loom
12:40 Feudal Age
16:19 Castle Age
14:29 Double-Bit Axe
17:29 Bow Saw
19:53 Horse Collar
22:28 Wheelbarrow
22:12 Heavy Plow
22:54 Fishing Lines
27:48 Gold Mining
29:33 Gold Shaft Mining
28:48 Stone Mining
31:50 Imperial Age
29:50 Scale Barding Armor
29:57 Forging
30:13 Husbandry
30:24 Bloodlines
31:07 Chain Barding Armor
30:38 Fletching
30:48 Padded Archer Armor
31:49 Hand Cart
32:27 Iron Casting
32:35 Conscription
31:40 Cavalier
32:46 Ballistics
32:48 Kamandaran
33:00 Crossbowman
33:45 Thumb Ring
34:20 Crop Rotation
33:54 Bodkin Arrow
34:15 Leather Archer Armor
33:27 Elite Skirmisher
34:59 Squires
34:20 Pikeman
35:58 Plate Barding Armor
42:31 Chemistry
44:07 Light Cavalry
nanodan47
3:07 Loom
12:19 Feudal Age
16:02 Castle Age
14:34 Double-Bit Axe
14:39 Town Watch
16:05 Wheelbarrow
15:44 Stone Mining
24:42 Horse Collar
25:32 Fishing Lines
26:58 Bow Saw
28:17 Hand Cart
28:03 Town Patrol
31:18 Imperial Age
29:51 Gold Mining
30:37 Stone Shaft Mining
30:07 Heavy Plow
30:09 Gillnets
30:42 Bloodlines
30:40 Husbandry
30:44 Light Cavalry
31:35 Scale Barding Armor
31:41 Forging
32:05 Hussar
33:26 Chain Barding Armor
33:42 Iron Casting
34:33 Conscription
33:35 Elite Ballista Elephant
36:51 Blast Furnace
36:27 Plate Barding Armor
37:47 Double Crossbow
37:36 Heavy Scorpion
39:53 Chemistry
39:13 Ballistics
39:04 Fortified Wall
38:49 Murder Holes
40:02 Gold Shaft Mining
40:02 Crop Rotation
40:22 Pikeman
41:04 Scale Mail Armor
41:27 Halberdier
42:35 Masonry
42:31 Siege Engineers
46:29 Tusk Swords
LongShanks
10:05 Feudal Age
9:32 Loom
14:45 Castle Age
13:32 Double-Bit Axe
16:22 Crossbowman
16:55 Fletching
20:24 Bodkin Arrow
33:52 Imperial Age
31:58 Wheelbarrow
31:31 Padded Archer Armor
32:44 Leather Archer Armor
32:23 Horse Collar
34:35 Ballistics
33:58 Arbalester
34:42 Bracer
35:24 Ring Archer Armor
35:56 Chemistry
35:24 Heavy Plow
35:36 Bow Saw
35:18 Gold Mining
35:20 Stone Mining
36:27 Hand Cart
35:57 Pikeman
36:37 Squires
37:36 Halberdier
40:22 Scale Mail Armor
40:32 Forging
40:55 Conscription
42:15 Chain Mail Armor
42:36 Iron Casting
42:02 Elite Skirmisher
44:02 Plate Mail Armor
45:41 Blast Furnace
Connection lost

Rejoining the realm…

Still unreachable

The connection could not be restored.

Session expired

The server has moved on; the page needs a fresh start.